 Dungeon Crawl Stone Soup version 0.28-a0-793-g31680bbd8b (webtiles) character file.

Game seed: 1728566744382949018

626 jasper the Ruffian (level 7, 0/52 HPs)
             Began as a Demonspawn Cinder Acolyte on Nov 4, 2021.
             Was a Follower of Ignis.
             Killed by nerve-wracking pain
             ... invoked by a shadow imp
              (12 damage)
             ... on level 4 of the Dungeon.
             The game lasted 00:02:29 (1791 turns).

jasper the Ruffian (Demonspawn Cinder Acolyte)      Turns: 1791, Time: 00:02:30

Health: 0/52       AC: 11    Str: 14    XL:     7   Next: 23%
Magic:  8/8        EV: 10    Int: 18    God:    Ignis [*.....]
Gold:   72         SH:  0    Dex:  8    Spells: 8/8 levels left

rFire   + . .      SeeInvis .     - Unarmed
rCold   . . .      Faith    .   (no shield)
rNeg    . . .      Spirit   .   j - +0 ring mail
rPois   .          Reflect  .   (helmet restricted)
rElec   .          Harm     .   (no cloak)
rCorr   .          Rampage  .   (no gloves)
Will    .....                   (no boots)
Stlth   ..........              (no amulet)
HPRegen 0.17/turn               (no ring)
MPRegen 0.11/turn               (no ring)

@: sanguine armoured
A: antennae 1, demonic guardian 1, powered by pain 1, sanguine armour 1
a: Renounce Religion, Sea of Fire, Foxfire Swarm


You were on level 4 of the Dungeon.
You worshipped Ignis.
Ignis was aware of your devotion.
You visited 1 branch of the dungeon, and saw 6 of its levels.

You collected 72 gold pieces.

Inventory:

Missiles
 c - 72 stones (quivered)
Armour
 a - a +0 robe
 e - a +0 helmet
 g - the +1 robe of Muuh {rCorr}
   (You found it on level 4 of the Dungeon)

   rCorr:     It protects you from acid and corrosion.
 j - a +0 ring mail (worn)
Scrolls
 b - a scroll of teleportation
Potions
 d - a potion of cancellation
 i - a potion of mutation
 k - a potion of lignification {unknown}


   Skills:
 - Level 3.0 Fighting
 + Level 7.7 Unarmed Combat
 - Level 1.0 Spellcasting
 - Level 2.6 Fire Magic


You had 8 spell levels left.
You didn't know any spells.
Your spell library contained the following spells:

 Spells                   Type           Power      Damage    Failure   Level
 Scorch                   Fire           20%        2d6       21%         2


Dungeon Overview and Level Annotations

Branches:
Dungeon (6/15)
 Temple: D:4-7

Altars:

Shops:
D:4 *


Innate Abilities, Weirdness & Mutations

You have a pair of small antennae on your head.
A weak demonic guardian rushes to your aid.
You sometimes gain a little power by taking damage.
When seriously injured, your bleeding wounds create armour. (AC +6)


Message History

You swap places.
The bullfrog barely misses your iron imp.
Your iron imp completely misses the bullfrog.
The bullfrog barely misses your iron imp.
Your iron imp hits the bullfrog!
The bullfrog hits your iron imp.
There is a stone staircase leading up here.
The bullfrog hits your iron imp but does no damage.
Your iron imp completely misses the bullfrog.
You climb upwards.
There is a stone staircase leading down here.
(D) Dungeon
Where to? (Enter - D:4 @ (x,y), ? - help)
What level of the Dungeon? (default 1, ? - help)
There is a stone staircase leading up, spattered with blood here.
You climb upwards.
There is a stone staircase leading down, spattered with blood here.
There is a stone staircase leading up here.
You climb upwards.
The kobold shouts!
The shadow imp shouts, "Slither away, thou obnoxious fob-snatching snaffler!"
There is a stone staircase leading down here.
There are monsters nearby!
You regained 5 hp, and now have 25/52 hp.
You barely miss the kobold. The kobold barely misses you.
You closely miss the kobold. The kobold hits you but does no damage.
The shadow imp gestures at you. Pain shoots through your body!
* * * LOW HITPOINT WARNING * * *
A demonic guardian appears!
The kobold closely misses you.
You climb downwards.
There is a stone staircase leading up here.
You take 14 damage, and have 11/52 hp.
MASSIVE DAMAGE!!
You punch the kobold!
You kill the kobold!
The shadow imp laughs crazily.
The shadow imp hits you but does no damage.
You closely miss the shadow imp. The shadow imp gestures at you.
Pain shoots through your body!
You die...

...#.....#.........#..........
#+###.....##'###...###...####.#
##...####.......#...##########.#
#.......#.......#...............
#.......#.......#...............
#.......#.......#...............
+.^..)..'.......#...............
#.......#.......#...............
#....##.#.....)@#...########..##
#.... #####....5#...##...#######
#..... #.....#........#....#.
+..... #.....#........#....#.
#..... #.....#........#....'.
#..... #.....#........#....#.
#.....######..###...#. ######
##..... ###..# #####. ......
#....# #.


You could see a shadow imp.

Vanquished Creatures
  A sky beast (D:4)
  A black bear (D:4)
  2 scorpions (D:4)
  A jelly (D:4)
  4 hounds
  3 iguanas
  5 gnolls
  2 adders
  An orc (D:4)
  2 endoplasms
  A giant cockroach (D:4)
  4 goblins
  2 hobgoblins (D:4)
  2 quokkas (D:4)
  2 ball pythons
  3 kobolds (D:4)
  A rat (D:2)
37 creatures vanquished.

Vanquished Creatures (collateral kills)
  A gnoll (D:5)
1 creature vanquished.

Vanquished Creatures (others)
  145 foxfires
145 creatures vanquished.

Grand Total: 183 creatures vanquished

Notes
Turn   | Place    | Note
-------+----------+-------------------------------------------
     0 | D:1      | jasper the Demonspawn Cinder Acolyte began the quest for
                  | the Orb.
     0 | D:1      | Reached XP level 1. HP: 18/18 MP: 2/2
     2 | D:2      | Noticed an iguana
     5 | D:2      | Reached skill level 3 in Unarmed Combat
     5 | D:2      | Gained mutation: When seriously injured, your bleeding
                  | wounds create armour. (AC +6) [demonic ancestry]
     5 | D:2      | Reached XP level 2. HP: 24/24 MP: 3/3
     6 | D:2      | Reached XP level 3. HP: 29/29 MP: 4/4
     8 | D:2      | Reached skill level 4 in Unarmed Combat
   159 | D:4      | Noticed a scorpion
   161 | D:4      | Killed a scorpion
   162 | D:4      | Reached skill level 5 in Unarmed Combat
   162 | D:4      | Gained mutation: You sometimes gain a little power by
                  | taking damage. [demonic ancestry]
   162 | D:4      | Reached XP level 4. HP: 35/35 MP: 5/5
   220 | D:4      | Noticed a sky beast
   227 | D:4      | Killed a sky beast
   228 | D:4      | Reached XP level 5. HP: 31/41 MP: 6/6
   306 | D:4      | Found Foon's Assorted Antiques.
   361 | D:4      | Reached skill level 6 in Unarmed Combat
   486 | D:4      | Noticed a black bear
   493 | D:4      | Killed a black bear
   494 | D:4      | Gained mutation: A weak demonic guardian rushes to your
                  | aid. [demonic ancestry]
   494 | D:4      | Reached XP level 6. HP: 47/47 MP: 7/7
   545 | D:4      | Reached skill level 7 in Unarmed Combat
   578 | D:4      | Identified the +1 robe of Muuh {rCorr}
  1257 | D:5      | Entered Level 5 of the Dungeon
  1267 | D:5      | Gained mutation: You have a pair of small antennae on your
                  | head. [demonic ancestry]
  1267 | D:5      | Reached XP level 7. HP: 45/52 MP: 8/8
  1791 | D:4      | Killed from afar by a shadow imp

Illustrated notes

Levels and vault maps discovered:
D:1:      wander_arrival_desolate, layout_loops_corners,
          hellmonk_ecumenical_altar_heavens_door, minmay_crystal_room,
          minmay_close_crescents
D:2:      layout_rooms, kennysheep_generic_room_2
D:3:      layout_rooms, chei_slow_surprise, serial_rivers,
          chequers_serial_rivers_small_a, chequers_serial_rivers_room_a,
          chequers_serial_rivers_micro_b, chequers_serial_rivers_micro_a,
          chequers_serial_rivers_small_3, st_stairs_4, uniq_robin
D:4:      layout_gridville, enter_ossuary_3, serial_shops, nicolae_shop_trees,
          hangedman_abyss_or_decor_stagger
D:5:      layout_cave_pools, uniq_sigmund, uniq_blork_the_orc
D:6:      kennysheep_housing_project, layout_rooms, lemuel_tele_altar,
          minmay_temple_entry_stoned_glass, uniq_duvessa

Skill      XL: |  1  2  3  4  5  6 |
---------------+-------------------+-----
Unarmed Combat | 3 5 6 7 |  7.7
Fighting       | |  3.0
Spellcasting   | |  1.0
Fire Magic     | |  2.6

Action                   |  1- 3 |  4- 6 |  7- 9 || total
-------------------------+-------+-------+-------++-------
Melee: Unarmed           |    11 |    37 |    43 ||    91
       Punch             |       |     1 |       ||     1
Throw: Stone             |       |    20 |       ||    20
Invok: Foxfire Swarm     |     3 |     6 |       ||     9
  Use: Scroll            |       |     3 |     3 ||     6
Armor: Robe              |     2 |    13 |       ||    15
       Ring mail         |       |       |    12 ||    12
Dodge: Dodged            |     5 |    26 |    27 ||    58

Table legend: (Time is in decaauts)
 A = Elapsed time spent in this place.
 B = Non-inter-level travel time spent in this place.
 C = Inter-level travel time spent in this place.
 D = Time resting spent in this place.
 E = Time spent auto-exploring this place.
 F = Levels seen in this place.
 G = Mean time per level.
                   A        B        C        D        E       F      G
               +--------+--------+--------+--------+--------+-----+--------+
         Total |   1786 |   1704 |     82 |    360 |    995 |   6 |  297.7 |
       Dungeon |   1786 |   1704 |     82 |    360 |    995 |   6 |  297.7 |
               +--------+--------+--------+--------+--------+-----+--------+

Top non-repeatable levels by time:
     D:4: 1595 daAuts
     D:5: 94 daAuts
     D:3: 46 daAuts
     D:6: 34 daAuts
     D:2: 13 daAuts
     D:1: 2 daAuts
